AoeStats
← HanniBaalTricks

MegaRandom

505154362Analyzed
2v2 RM · 25d ago on Sep 8, 2026· 27m 14s· 4 players
Game mode
Random Map
Map size
Medium (4 player)
Population
200
Speed
Normal
Resources
Standard
Victory
Conquest
Starting age
Dark Age
Ending age
Imperial Age
RankedLock teamsTeams togetherTeam positionsShared explorationLock speedFull tech treeHidden civsTurbo modeCheats
Victory
Defeat
🇨🇴 Inca · Colombia
1188
+15
🇨🇴 Malians · Colombia
1181
+16
🇨🇦 Bohemians · Canada
1174
-16
🇦🇷 Khmer · Argentina
1172
-15
Nailujj28
6:04 Loom
10:27 Feudal Age
14:01 Castle Age
12:34 Double-Bit Axe
16:53 Wheelbarrow
16:42 Bow Saw
16:23 Loom
18:08 Town Watch
21:54 Pikeman
23:31 Horse Collar
24:29 Gold Mining
25:02 Hand Cart
24:48 Town Patrol
26:01 Stone Mining
26:50 Gold Shaft Mining
26:49 Scale Barding Armor
Willy le chat orangé
0:29 Loom
11:26 Feudal Age
12:49 Double-Bit Axe
14:09 Fletching
21:03 Castle Age
21:16 Pikeman
21:24 Elite Skirmisher
HanniBaalTricks
6:29 Loom
7:00 Loom
7:04 Loom
9:52 Feudal Age
10:25 Double-Bit Axe
11:02 Horse Collar
17:13 Forging
23:24 Castle Age
23:43 Crossbowman
24:14 Fletching
25:20 Bow Saw
25:11 Heavy Plow
26:35 Padded Archer Armor
26:40 Husbandry
27:19 Bodkin Arrow
FishX
6:51 Loom
9:17 Feudal Age
16:32 Castle Age
15:56 Scale Mail Armor
15:44 Champi Runner
17:33 Chain Mail Armor
16:50 Champi Warrior
17:45 Pikeman
19:24 Squires
20:30 Double-Bit Axe
25:17 Arson
Connection lost

Rejoining the realm…

Still unreachable

The connection could not be restored.

Session expired

The server has moved on; the page needs a fresh start.